 Dungeon Crawl Stone Soup version 0.29-a0-451-gfbfa42419e (webtiles) character file.

Game seed: 1678697185012438735

100 quokkamancerX the Magician (level 4, -4/33 HPs)
             Began as a Draconian Venom Mage on May 20, 2022.
             Slain by a gnoll
             ... wielding a +0 halberd
              (9 damage)
             ... on level 3 of the Dungeon.
             The game lasted 00:12:33 (3170 turns).

quokkamancerX the Magician (Draconian Venom Mage)   Turns: 3170, Time: 00:12:34

Health: -4/33      AC:  7    Str: 10    XL:     4   Next: 47%
Magic:  9/10       EV: 12    Int: 17    God:
Gold:   115        SH:  0    Dex: 12    Spells: 10/11 levels left

rFire   . . .      SeeInvis .   o - +2 whip (venom)
rCold   . . .      Faith    .   (no shield)
rNeg    . . .      Spirit   .   (body armour unavailable)
rPois   .          Reflect  .   (helmet restricted)
rElec   .          Harm     .   (no cloak)
rCorr   .          Rampage  .   q - +0 pair of gloves
Will    .....                   l - +0 pair of boots
Stlth   ++........              e - amulet of the acrobat
HPRegen 0.11/turn               (no ring)
MPRegen 0.12/turn               (no ring)

@: no status effects
A: AC +5, unfitting armour, cold-blooded
a: no special abilities


You were on level 3 of the Dungeon.
You visited 1 branch of the dungeon, and saw 3 of its levels.

You collected 115 gold pieces.

Inventory:

Hand Weapons
 o - a +2 whip of venom (weapon)
Missiles
 n - 99 stones
Armour
 l - a +0 pair of boots (worn)
 q - a +0 pair of gloves (worn)
Jewellery
 e - an amulet of the acrobat (around neck)
Scrolls
 b - a scroll of identify {unknown}
 d - a scroll of enchant armour {unknown}
 i - 2 scrolls of amnesia {unknown}
 m - a scroll of poison {unknown}
 p - a scroll of immolation {unknown}
 r - a scroll of blinking {unknown}
Potions
 a - a potion of magic
 c - 3 potions of heal wounds {unknown}
 f - a potion of curing {unknown}
 g - 2 potions of cancellation {unknown}
 h - a potion of brilliance {unknown}
 j - a potion of attraction {unknown}
 k - a potion of berserk rage {unknown}


   Skills:
 - Level 1.7 Dodging
 - Level 1.7 Stealth
 - Level 4.0 Spellcasting
 - Level 1.0 Transmutations
 + Level 3.7 Poison Magic


You had 10 spell levels left.
You knew the following spells:

 Your Spells              Type           Power      Damage    Failure   Level
a - Sting                 Tmut/Pois      44%        1d5       6%          1

Your spell library contained the following spells:

 Spells                   Type           Power      Damage    Failure   Level
 Poisonous Vapours        Pois/Air       18%        N/A       11%         2
 Mephitic Cloud           Conj/Pois/Air  7%         N/A       28%         3
 Olgreb's Toxic Radiance  Pois           16%        N/A       34%         4


Dungeon Overview and Level Annotations

Branches:
Dungeon (3/15)

Altars:

Annotations:
D:3 Jessica


Innate Abilities, Weirdness & Mutations

Your plain brown scales are hard. (AC +5)
You cannot fit into any form of body armour.
You are cold-blooded and may be slowed by cold attacks.


Message History

A hobgoblin comes into view.
You see here an adder corpse.
You start resting.
Magic restored.
You start resting.
HP restored.
There is a stone staircase leading up here.
A gnoll comes into view. It is wielding a +0 halberd.
A gnoll and a kobold come into view.
The gnoll shouts!
You hear a shout! x2
The kobold throws a stone.
The stone closely misses you.
There is a stone staircase leading up here.
The sting hits the gnoll but does no damage.
The gnoll is poisoned.
The gnoll hits you from afar with a +0 halberd.
The sting misses the gnoll.
The sting hits the gnoll.
The gnoll is poisoned.
The gnoll is moderately wounded.
The gnoll hits you from afar with a +0 halberd!
There is a stone staircase leading up here.
The gnoll closely misses you.
The gnoll throws a throwing net.
The throwing net hits you.
You become entangled in the net!
You stop ascending the stairs.
You struggle against the net.
The gnoll hits you from afar with a +0 halberd!
The gnoll barely misses you.
You struggle against the net.
The gnoll barely misses you.
The gnoll hits you from afar with a +0 halberd.
You struggle against the net.
The gnoll hits you from afar with a +0 halberd.
* * * LOW HITPOINT WARNING * * *
The gnoll completely misses you.
You struggle against the net.
The gnoll looks more healthy.
The gnoll hits you but does no damage.
The gnoll hits you from afar with a +0 spear.
* * * LOW HITPOINT WARNING * * *
You rip the net and break free!
The gnoll looks more healthy.
The gnoll hits you but does no damage. The gnoll barely misses you.
The gnoll hits you but does no damage.
The gnoll hits you from afar with a +0 halberd!
You die...

... . ... ..K## ##. #..#
.! ......#.. ...# ...
......#.######.###.#
......#.##.........### #+#
........g.............##.S
.......Kg.@..............
#....#.###............. ^
#..............######.#...
#......###...#.# #..#...
#......# #...#.#####..#...
#......# #...#..†)....#..#
#......# #...#######..#..#
........# #...# #.....#
....##### #...# ##...##


You could see 2 gnolls and a kobold.

Vanquished Creatures
  Natasha (D:3)
  2 adders
  2 worms (D:2)
  2 dart slugs
  An orc (D:3)
  2 endoplasms (D:1)
  2 giant cockroaches (D:2)
  4 goblins
  4 hobgoblins
  A jackal (D:2)
  6 kobolds
  2 quokkas
  5 ball pythons
  5 bats
  4 frilled lizards
  3 rats
46 creatures vanquished.

Vanquished Creatures (others)
  A draconian (D:1)
  An octopode (D:1)
  A troll (D:1)
  2 formicids (D:1)
  A spriggan (D:1)
  A naga (D:1)
  2 dwarves (D:1)
  2 mummies (D:1)
  A kobold (D:1)
  4 tentacles (D:1)
16 creatures vanquished.

Grand Total: 62 creatures vanquished

Notes
Turn   | Place    | Note
-------+----------+-------------------------------------------
     0 | D:1      | quokkamancerX the Draconian Venom Mage began the quest for
                  | the Orb.
     0 | D:1      | Reached XP level 1. HP: 14/14 MP: 3/3
     0 | D:1      | Noticed an octopode
     0 | D:1      | Noticed a troll
     0 | D:1      | Noticed a formicid
     0 | D:1      | Noticed a draconian
     0 | D:1      | Noticed a kraken
     0 | D:1      | Noticed a dwarf
     0 | D:1      | Noticed a formicid
     0 | D:1      | Noticed a spriggan
     0 | D:1      | Noticed a dwarf
     0 | D:1      | Noticed a naga
     2 | D:1      | Killed a dwarf
     6 | D:1      | Killed a naga
     6 | D:1      | Killed a troll
     7 | D:1      | Killed a spriggan
     7 | D:1      | Killed a formicid
     9 | D:1      | Killed a dwarf
    10 | D:1      | Killed a draconian
    11 | D:1      | Killed a formicid
    11 | D:1      | Killed an octopode
   422 | D:1      | Reached XP level 2. HP: 19/20 MP: 2/5
  1239 | D:2      | Found a faded altar of an unknown god.
  1398 | D:2      | Reached skill level 3 in Spellcasting
  1495 | D:2      | Reached XP level 3. HP: 26/26 MP: 4/7
  2828 | D:3      | Reached skill level 4 in Spellcasting
  2927 | D:3      | Noticed Jessica
  2947 | D:3      | Reached XP level 4. HP: 33/33 MP: 6/10
  2979 | D:3      | Noticed Natasha
  2996 | D:3      | Killed Natasha
  3170 | D:3      | Slain by a gnoll

Illustrated notes

Levels and vault maps discovered:
D:1:      nicolae_arrival_kraken_aquarium_a, layout_basic, minmay_heptomino_d4
D:2:      wad_river_or_something, layout_loops_corners,
          shapermc_ecumenical_altar_mp_highgroup, serial_park_tiny_1,
          st_stairs_3
D:3:      layout_basic, uniq_natasha, uniq_jessica

Skill      XL: |  1  2  3 |
---------------+----------+-----
Spellcasting   | 3 4 |  4.0
Dodging        | |  1.7
Stealth        | |  1.7
Transmutations | |  1.0
Poison Magic   | |  3.7

Action                   |  1- 3 |  4- 6 || total
-------------------------+-------+-------++-------
Melee: Unarmed           |    11 |       ||    11
       Tailslap          |     8 |     1 ||     9
       Short sword       |    17 |       ||    17
       Whip              |    30 |     6 ||    36
       Punch             |     1 |       ||     1
 Cast: Sting             |    52 |     5 ||    57
 Stab: Sleeping          |     3 |       ||     3
Armor: Skin              |    24 |     7 ||    31
Dodge: Dodged            |    55 |     7 ||    62

Table legend: (Time is in decaauts)
 A = Elapsed time spent in this place.
 B = Non-inter-level travel time spent in this place.
 C = Inter-level travel time spent in this place.
 D = Time resting spent in this place.
 E = Time spent auto-exploring this place.
 F = Levels seen in this place.
 G = Mean time per level.
                   A        B        C        D        E       F      G
               +--------+--------+--------+--------+--------+-----+--------+
         Total |   3177 |   3132 |     45 |    885 |    781 |   3 | 1059.0 |
       Dungeon |   3177 |   3132 |     45 |    885 |    781 |   3 | 1059.0 |
               +--------+--------+--------+--------+--------+-----+--------+

Top non-repeatable levels by time:
     D:2: 1587 daAuts
     D:1: 1240 daAuts
     D:3: 349 daAuts
